 Dungeon Crawl Stone Soup version 0.21-a0-437-ge5bf024 (webtiles) character file.

176 Beatriz the Charmwright (level 5, -4/43 HPs)
             Began as a Gnoll Skald on Nov 9, 2017.
             Slain by Duvessa
             ... wielding a +0 short sword
              (11 damage)
             ... on level 4 of the Dungeon.
             The game lasted 00:04:00 (3217 turns).

Beatriz the Charmwright (Gnoll Skald)               Turns: 3217, Time: 00:04:00

Health: -4/43      AC:  3    Str: 19    XL:     5   Next: 56%
Magic:  9/12       EV: 14    Int: 16    God:
Gold:   171        SH:  0    Dex: 12    Spells: 10/14 levels left

rFire    + + .     SeeInvis .   a - +0 hand axe
rCold    x . .     Gourm    .   (no shield)
rNeg     . . .     Faith    .   b - +0 leather armour
rPois    .         Spirit   .   (no helmet)
rElec    .         Reflect  .   (no cloak)
rCorr    .         Harm     .   (no gloves)
MR       .....                  (no boots)
Stlth    +.........             (no amulet)
HPRegen  1.14/turn              h - ring of fire
MPRegen  0.13/turn              (no ring)

@: mighty, regenerating
A: distributed training, fangs 1, clumsy 1, fire resistance 1, strong nose
a: no special abilities


You were on level 4 of the Dungeon.
You were hungry.

You visited 1 branch of the dungeon, and saw 4 of its levels.

You collected 171 gold pieces.

Inventory:

Hand Weapons
 a - a +0 hand axe (weapon)
Armour
 b - a +0 leather armour (worn)
Jewellery
 h - a ring of fire (left hand)
Wands
 i - a wand of disintegration (14/24)
Scrolls
 e - 2 scrolls of identify {unknown}
 f - 2 scrolls of enchant weapon {unknown}
 g - 2 scrolls of teleportation {unknown}
 k - 2 scrolls of magic mapping {unknown}
 q - a scroll of remove curse {unknown}
Potions
 m - 2 potions of lignification {unknown}
 p - a potion of heal wounds {unknown}
Books
 c - a book of Battle

   Spells                             Type                      Level
   a - Infusion                       Charms                       1
   b - Shroud of Golubria             Charms/Translocation         2
   c - Song of Slaying                Charms                       2
   d - Spectral Weapon                Hexes/Charms                 3
   e - Regeneration                   Charms/Necromancy            3
Comestibles
 d - 2 bread rations


   Skills:
 + Level 4.8 Fighting
 + Level 1.5 Short Blades
 + Level 1.5 Long Blades
 + Level 4.8 Axes
 + Level 1.5 Maces & Flails
 + Level 1.5 Polearms
 + Level 1.5 Staves
 + Level 1.5 Slings
 + Level 1.5 Bows
 + Level 1.5 Crossbows
 + Level 1.5 Throwing
 + Level 3.0 Armour
 + Level 4.8 Dodging
 + Level 1.5 Stealth
 + Level 1.5 Shields
 + Level 1.5 Unarmed Combat
 + Level 5.2 Spellcasting
 + Level 1.2 Conjurations
 + Level 1.2 Hexes
 + Level 5.5 Charms
 + Level 1.2 Summonings
 + Level 1.2 Necromancy
 + Level 1.2 Translocations
 + Level 1.2 Transmutations
 + Level 1.2 Fire Magic
 + Level 1.2 Ice Magic
 + Level 1.2 Air Magic
 + Level 1.2 Earth Magic
 + Level 1.2 Poison Magic
 + Level 1.7 Invocations
 + Level 1.5 Evocations


You had 10 spell levels left.
You knew the following spells:

 Your Spells              Type           Power        Failure   Level  Hunger
a - Infusion              Chrm           ###.         1%          1    None
b - Regeneration          Chrm/Necr      ###.......   13%         3    ###....


Dungeon Overview and Level Annotations

Branches:
Dungeon (4/15)
 Temple: D:4-7

Altars:
Makhleb
Nemelex Xobeh
Okawaru
Yredelemnul
The Shining One

Annotations:
D:4 Dowan, Duvessa


Innate Abilities, Weirdness & Mutations

Your experience applies equally to all skills.
You have very sharp teeth.
Your uncanny sense of smell can sniff out nearby items.
You are clumsy. (Dex -2)
Your flesh is heat resistant. (rF+)


Message History

It was a potion of mutation.
You feel extremely strange.
You feel clumsy.
You feel resistant to heat. Duvessa hits you with a short sword!
Dowan casts a spell at you. You resist with some effort.
It was a potion of might.
You feel very mighty all of a sudden. Duvessa hits you with a short sword!
Dowan closely misses you.
You barely miss Duvessa. You bite Duvessa, but do no damage.
You closely miss Dowan. Duvessa misses you. Dowan completely misses you.
You barely miss Duvessa. You bite Duvessa.
Duvessa is lightly wounded.
You closely miss Dowan. Duvessa hits you with a short sword.
* * * LOW HITPOINT WARNING * * *
Dowan hits you with a dagger.
* * * LOW HITPOINT WARNING * * *
Casting: Regeneration
Confirm with . or Enter, or press ? or * to list all spells.
Your skin crawls.
Duvessa hits you with a short sword!
You die...

#.######..####.#####.####.#
#.
#.........................#
#.
########..####.#####.######
#. #..# #.# #.# #. #..# #.#
#.# #. #..# #.# #.# #.
...####.#####.#########.
##..$................##. ##
#@..........(.....
#.see############....
#.#### #.... .. ###.... ##
#...... #...... #......
#...... #......


You could see Duvessa, Dowan and a giant cockroach.

Vanquished Creatures
  A worker ant (D:3)
  7 adders
  A howler monkey skeleton (D:4)
  2 oozes
  2 worms (D:3)
  A dart slug (D:4)
  6 leopard geckos
  An orc (D:3)
  9 bats
  5 giant cockroaches
  5 hobgoblins
  5 jackals
  2 quokkas
  2 frilled lizards (D:1)
  6 kobolds (D:1)
  7 rats
62 creatures vanquished.

Notes
Turn   | Place    | Note
-------+----------+-------------------------------------------
     0 | D:1      | Beatriz the Gnoll Skald began the quest for the Orb.
     0 | D:1      | Reached XP level 1. HP: 20/20 MP: 6/6
   254 | D:1      | Reached XP level 2. HP: 26/26 MP: 7/7
   628 | D:1      | Reached skill level 5 in Spellcasting
   628 | D:1      | Reached XP level 3. HP: 30/31 MP: 7/9
   633 | D:1      | Learned a level 3 spell: Regeneration
  1228 | D:2      | You fall through a shaft!
  1334 | D:3      | Reached skill level 1 in Invocations
  1474 | D:3      | Reached skill level 1 in Short Blades
  1474 | D:3      | Reached skill level 1 in Long Blades
  1474 | D:3      | Reached skill level 1 in Maces & Flails
  1474 | D:3      | Reached skill level 1 in Polearms
  1474 | D:3      | Reached skill level 1 in Staves
  1474 | D:3      | Reached skill level 1 in Slings
  1474 | D:3      | Reached skill level 1 in Bows
  1474 | D:3      | Reached skill level 1 in Crossbows
  1474 | D:3      | Reached skill level 1 in Throwing
  1474 | D:3      | Reached skill level 1 in Stealth
  1474 | D:3      | Reached skill level 1 in Shields
  1474 | D:3      | Reached skill level 1 in Unarmed Combat
  1474 | D:3      | Reached skill level 1 in Evocations
  1477 | D:3      | Reached XP level 4. HP: 25/38 MP: 3/11
  1742 | D:3      | Reached skill level 1 in Conjurations
  1742 | D:3      | Reached skill level 1 in Hexes
  1742 | D:3      | Reached skill level 1 in Summonings
  1742 | D:3      | Reached skill level 1 in Necromancy
  1742 | D:3      | Reached skill level 1 in Translocations
  1742 | D:3      | Reached skill level 1 in Transmutations
  1742 | D:3      | Reached skill level 1 in Fire Magic
  1742 | D:3      | Reached skill level 1 in Ice Magic
  1742 | D:3      | Reached skill level 1 in Air Magic
  1742 | D:3      | Reached skill level 1 in Earth Magic
  1742 | D:3      | Reached skill level 1 in Poison Magic
  2289 | D:3      | Reached XP level 5. HP: 20/43 MP: 5/12
  2298 | D:3      | Found a glowing golden altar of the Shining One.
  2298 | D:3      | Found a basalt altar of Yredelemnul.
  2298 | D:3      | Found an iron altar of Okawaru.
  2322 | D:3      | Found a sparkling altar of Nemelex Xobeh.
  2845 | D:4      | Found a burning altar of Makhleb.
  3205 | D:4      | Noticed Dowan
  3206 | D:4      | Noticed Duvessa
  3213 | D:4      | Gained mutation: You are clumsy. (Dex -2) [potion of mutation]
  3213 | D:4      | Gained mutation: Your flesh is heat resistant. (rF+) [potion of mutation]
  3217 | D:4      | Slain by Duvessa

Vault maps used:
D:1:      giann_wishing_wells, minmay_misc_feat_roman
D:2:      old_standard_altar, vehumet_crystals, uniq_terence,
          uniq_crazy_yiuf_cottage
D:3:      chequers_temple_overflow_statue_of_worship
D:4:      bloody_makhleb, uniq_duvessa

Skill      XL: |  1  2  3  4  5 |
---------------+----------------+-----
Spellcasting   | 5 |  5.2
Invocations    | 1 |  1.7
Short Blades   | 1 |  1.5
Long Blades    | 1 |  1.5
Maces & Flails | 1 |  1.5
Polearms       | 1 |  1.5
Staves         | 1 |  1.5
Slings         | 1 |  1.5
Bows           | 1 |  1.5
Crossbows      | 1 |  1.5
Throwing       | 1 |  1.5
Stealth        | 1 |  1.5
Shields        | 1 |  1.5
Unarmed Combat | 1 |  1.5
Evocations     | 1 |  1.5
Conjurations   | 1 |  1.2
Hexes          | 1 |  1.2
Summonings     | 1 |  1.2
Necromancy     | 1 |  1.2
Translocations | 1 |  1.2
Transmutations | 1 |  1.2
Fire Magic     | 1 |  1.2
Ice Magic      | 1 |  1.2
Air Magic      | 1 |  1.2
Earth Magic    | 1 |  1.2
Poison Magic   | 1 |  1.2
Armour         | 3 |  3.0
Fighting       | |  4.8
Axes           | |  4.8
Dodging        | |  4.8
Charms         | |  5.5

Action                   |  1- 3 |  4- 6 || total
-------------------------+-------+-------++-------
Melee: Hand axe          |   133 |   120 ||   253
       Bite              |    13 |    14 ||    27
       Punch             |       |     1 ||     1
 Cast: Infusion          |     3 |     4 ||     7
       Regeneration      |     2 |     6 ||     8
  Use: Potion            |       |     4 ||     4
 Stab: Sleeping          |     3 |     3 ||     6
  Eat: Chunk             |     2 |     1 ||     3
       Bread ration      |       |     1 ||     1
Armor: Leather armour    |    33 |    25 ||    58
Dodge: Dodged            |   111 |    84 ||   195

Table legend:
 A = Spawn XP
 B = Non-spawn XP
 C = Spawn XP percentage of total XP
 D = Spawn monster count
 E = Non-spawn monster count
 F = Spawn count percentage of total count
 G = Total turns spent on level
                    A         B        C        D         E        F      G
               +---------+---------+-------+---------+---------+-------+---------
         Total |       0 |     252 |   0.0 |       0 |      62 |   0.0 |  3217
               +---------+---------+-------+---------+---------+-------+---------
           D:1 |       0 |      50 |   0.0 |       0 |      27 |   0.0 |  1060
           D:2 |       0 |       4 |   0.0 |       0 |       2 |   0.0 |   168
           D:3 |       0 |     138 |   0.0 |       0 |      27 |   0.0 |  1575
           D:4 |       0 |      60 |   0.0 |       0 |       6 |   0.0 |   414
               +---------+---------+-------+---------+---------+-------+---------
